Map: Stargazers

Players

TerranHerUp

  • Race: Terran Terran
  • League: Bronze
  • Spawn Location: 11:00

Piecat - Winner!

  • Race: Protoss Protoss
  • League: Silver
  • Spawn Location: 1:00

VOD

Have the link to the VOD?

Description

Time

  • Played on: Aug. 24, 2022, 9:39 p.m.
  • Length: 8:15
Show
View Real Time Build Order
Export as new Build Order

TerranHerUp Terran 

Build Orders:  

Get SALT Encoding   

  12  0:00  SCV  
  13  0:12  SCV  
  14  0:17  Supply Depot  
  14  0:24  SCV  
  15  0:39  SCV  
  15  0:41  Barracks  
  16  0:44  Refinery  
  16  0:51  SCV  
  17  1:03  SCV  
  18  1:17  SCV  
  19  1:28  Marine  
  19  1:29  Orbital Command  
  20  1:50  Command Center  
  20  1:56  SCV  
  20  1:59  Marine  
  22  2:15  Factory  
  22  2:18  Barracks Reactor  
  22  2:22  SCV, Supply Depot  
  23  2:44  SCV  
  24  2:56  SCV  
  25  3:00  Bunker  
  25  3:01  Marine x2  
  25  3:02  Factory Tech Lab  
  27  3:06  Orbital Command  
  27  3:07  Barracks  
  27  3:08  SCV  
  28  3:24  SCV, Marine  
  28  3:25  Marine, Siege Tank  
  34  3:33  SCV  
  35  3:36  SCV  
  35  3:37  Supply Depot  
  36  3:42  Marine x2  
  36  3:46  SCV  
  36  3:48  SCV  
  40  3:58  SCV, Barracks Tech Lab  
  40  4:00  SCV  
  42  4:02  Starport  
  42  4:10  SCV  
  42  4:12  SCV, Refinery  
  42  4:15  Marine x2, Refinery  
  45  4:22  Marine  
  42  4:33  Marine  
  43  4:39  SCV  
  43  4:40  SCV, Marine, Marauder  
  43  4:41  Siege Tank  
  51  4:53  Starport Reactor  
  46  5:11  Marine  
  46  5:22  Marine  
  46  5:23  SCV  
  46  5:56  Supply Depot  
  46  5:57  Supply Depot  
  46  6:15  Barracks  
  46  6:16  Barracks x2  
  46  6:17  Marine, Barracks  
  46  6:18  SCV x2, Siege Tank, Engineering Bay, Marine, Marauder  
  54  6:20  Engineering Bay  
  54  6:24  Supply Depot x2  
  53  6:30  SCV  
  52  6:35  Marine  
  52  6:36  Marine  
  52  6:39  Marauder  
  46  6:47  Supply Depot x2  
  46  6:53  Marine  
  44  6:54  Marine  
  44  7:01  Marauder  
  42  7:04  Medivac x2, Siege Tank  
  47  7:10  Supply Depot  
  47  7:11  Marine  
  47  7:12  Marine, Supply Depot  
  43  7:19  Orbital Command  
  43  7:22  Marauder  
  45  7:29  Marine  
  43  7:30  Marine  
  38  7:43  Marauder  
  35  7:46  Marine  
  35  7:47  Marine  
Show
View Real Time Build Order
Export as new Build Order

Piecat Protoss - Winner!

Build Orders:  

Get SALT Encoding   

  12  0:01  Probe  
  13  0:16  Pylon  
  13  0:18  Probe  
  14  0:36  Gateway  
  14  0:43  Probe  
  14  0:47  Assimilator  
  15  0:55  Probe (Chrono Boost)  
  16  1:00  Assimilator  
  16  1:07  Probe (Chrono Boost)  
  17  1:14  Probe (Chrono Boost)  
  18  1:21  Probe  
  19  1:26  Pylon  
  19  1:30  Cybernetics Core  
  19  1:37  Assimilator  
  19  1:50  Probe (Chrono Boost)  
  19  2:00  Probe (Chrono Boost)  
  20  2:04  Gateway  
  20  2:05  Probe (Chrono Boost)  
  21  2:11  Warp Gate (Chrono Boost)  
  21  2:12  Stalker  
  23  2:17  Probe  
  24  2:29  Probe  
  25  2:50  Gateway  
  25  2:54  Robotics Facility, Stalker  
  27  2:59  Stalker  
  29  3:07  Shield Battery  
  29  3:22  Pylon  
  29  3:43  Gateway, Twilight Council  
  28  3:57  Stalker  
  28  3:58  Stalker  
  28  3:59  Stalker  
  24  4:35  Stalker x3  
  30  4:41  Warp Prism  
  32  5:03  Stalker x2  
  24  5:36  Zealot x4  
  32  6:01  Nexus  
  32  6:15  Zealot x2  
  36  6:32  Stalker  
  36  6:46  Zealot x2, Stalker  
  32  7:14  Zealot x3  
  34  7:16  Zealot  
  32  7:34  Zealot x2  
  32  7:35  Sentry  
  38  7:39  Probe  
  38  7:42  Probe  
  38  7:58  Zealot x2  
  40  8:01  Zealot  
Tags
 
Add a new tag
Caveats
  • Supply blocks, unpowered buildings, or Contaminate may cause inaccurate times.
  • Supply counts are checked every 10 seconds.